Cogmind - Beta 11.1 @@@ ROGUE MODE // 2022.06.09 @ 19:00:26 Player: BoboTMG Result: Destroyed by D-53 Grenadier with Mini Grenade Launcher Performance ------------- Evolutions (0) 0 Regions Visited (4) 800 Robots Destroyed (22) 110 Value Destroyed (327) 327 Prototype IDs (4) 80 Alien Tech Used (0) 0 Bonus (-13) -13 TOTAL SCORE: 1304 Bonus ------- Friendly Fire -13 Cogmind --------- Core Integrity 0/250 Matter 188/300 Energy 75/125 System Corruption 0% Temperature Cool (15) Movement Rolling (100) Location -9/Mines Parts ------- > --- POWER (1) -------- Light Ion Engine > --- PROPULSION (2) --- Compact Wheel Compact Wheel > --- UTILITY (2) ------ Large Storage Unit Experimental Sensor Array > --- WEAPON (2) ------- Grenade Launcher > --- INVENTORY (15) --- Light Ion Engine Armored Wheel High-capacity Battery (250) Weight Redist. System Visual Processing Unit ECM Suite Bomb Drone Bay (16/16) Light Assault Rifle Light Assault Rifle Enhanced Flamer Peak State ------------ > --- POWER ------------ Ion Engine > --- PROPULSION ------- Compact Wheel Compact Wheel > --- UTILITY ---------- Bomb Drone Bay > --- WEAPON ----------- Assault Rifle Rocket Launcher > --- INVENTORY -------- Light Ion Engine Light Assault Rifle Light Assault Rifle [Rating: 20] Favorites ----------- Power Ion Engine Engine Ion Engine Propulsion Compact Wheel Treads Light Treads Leg Aluminum Leg Wheel Compact Wheel Utility Large Storage Unit Device Experimental Sensor Array Storage Large Storage Unit Weapon Light Assault Rifle Energy Gun Medium Laser Ballistic Gun Light Assault Rifle Launcher Rocket Launcher Special Weapon Enhanced Flamer Build | -11 -10 -10 -10 -9 ------- Run | Scr Mat Min Exi Min Slots Evolved . | . . . . . Power . | . . . . . Propulsion . | . . . . . Utility . | . . . . . Weapon . | . . . . . Parts Attached 57 | 8 31 12 . 6 Power 7 | 2 4 . . 1 Engine 7 | 2 4 . . 1 Core . | . . . . . Reactor . | . . . . . Propulsion 19 | 2 11 4 . 2 Treads 3 | . 3 . . . Leg 4 | 2 . 2 . . Wheel 12 | . 8 2 . 2 Hover . | . . . . . Flight . | . . . . . Utility 12 | 1 6 5 . . Device 7 | . 3 4 . . Storage 5 | 1 3 1 . . Processor . | . . . . . Hackware . | . . . . . Protection . | . . . . . Artifact . | . . . . . Weapon 19 | 3 10 3 . 3 Energy Gun 5 | 2 2 . . 1 Energy Cannon . | . . . . . Ballistic Gun 11 | 1 8 2 . . Ballistic Cannon . | . . . . . Launcher 2 | . . 1 . 1 Special Weapon 1 | . . . . 1 Impact Weapon . | . . . . . Slashing Weapon . | . . . . . Piercing Weapon . | . . . . . Special Melee Weapon . | . . . . . Unidentified Prototypes 2 | . . 2 . . Parts Lost 6 | . 1 . . 5 Power 1 | . . . . 1 Propulsion 3 | . 1 . . 2 Utility . | . . . . . Weapon 2 | . . . . 2 Highest Loss Streak 5 | . 1 . . 5 To Critical Strikes . | . . . . . Average Slot Usage (%) 99 | . 98 99 100 97 Engine 13 | . 14 14 14 13 Treads 3 | . 8 . . . Leg 3 | . 8 . . . Wheel 21 | . 11 28 28 27 Device 13 | . 12 13 14 14 Storage 13 | . 13 14 14 14 Energy Gun 3 | . 6 . . 11 Ballistic Gun 17 | . 21 19 14 2 Launcher 6 | . . 8 14 13 Naked Turns . | . . . . . Heaviest Build 32 | 13 30 32 32 32 Greatest Support 40 | 20 40 32 32 32 Greatest Overweight (x) 1 | . . 1 . 1 Average Overweight (x) . | . . . . . Largest Inventory Capacity 15 | 8 15 15 15 15 Average Capacity 12 | 6 10 14 15 15 Most Carried 15 | 7 14 15 15 15 Average Carried 12 | 2 8 14 15 14 Final Capacity 15 | 8 15 15 15 15 Final Carried 15 | 7 14 15 15 11 Class Distribution -------------------- 89% | Mutant 10% | Scavenger-Mutant Dominant Class ---------------- Mutant | -10/Materials Mutant | -10/Mines Mutant | -10/Exiles Mutant | -9/Mines Resources | -11 -10 -10 -10 -9 ----------- Run | Scr Mat Min Exi Min Matter Collected 891 | 249 412 160 . 70 Remotely . | . . . . . Salvage Created 1035 | 80 531 94 . 330 Parts 44 | 1 30 5 . 8 Haulers Intercepted 1 | . 1 . . . Recyclers Shooed 4 | . 2 . . 2 Parts Field Recycled . | . . . . . Retrieved Matter . | . . . . . Parts Self-Destructed . | . . . . . Prevented . | . . . . . Kills | -11 -10 -10 -10 -9 ------- Run | Scr Mat Min Exi Min Combat Hostiles Destroyed 24 | . 7 2 . 15 Guns 10 | . 7 2 . 1 AOE 14 | . . . . 14 Classes Destroyed 7 | 1 5 . . 1 Tunneler 1 | . 1 . . . Hauler 1 | . 1 . . . Recycler 8 | 1 3 . . 4 Watcher 3 | . 3 . . . Swarmer 5 | . 5 . . . Grunt 4 | . 2 2 . . Assembled 15 | . . . . 15 Best Kill Streak 17 | 1 3 2 . 17 Combat Bots Only 15 | . 3 2 . 15 Max Kills in Single Turn 4 | 1 1 1 . 4 Gunslinging . | . . . . . Exploded 4 | . . . . 4 Melee . | . . . . . Uniques/NPCs Destroyed . | . . . . . Combat | -11 -10 -10 -10 -9 -------- Run | Scr Mat Min Exi Min Damage Taken 1226 | . 482 215 . 529 Core 261 | . 51 45 . 165 Absorbed by Shields . | . . . . . Regen/Repaired (Parts) 53 | . 53 . . . Core Remaining (%) 100 | 100 . . . . Volleys Fired 108 | 9 61 10 . 28 Largest 2 | 1 2 2 . 2 Hottest 83 | 20 70 40 . 83 Shots Fired 187 | 9 122 20 . 36 Gun 178 | 9 122 20 . 27 Cannon . | . . . . . Launcher 9 | . . . . 9 Special . | . . . . . Kinetic 126 | 9 97 20 . . Thermal 52 | . 25 . . 27 Explosive 9 | . . . . 9 Electromagnetic . | . . . . . Robot Hit Streak 9 | 5 9 3 . 9 Robot Miss Streak 5 | 1 4 2 . 5 Penetration Max . | . . . . . Secondary Targets 4 | . 3 1 . . Max Gunslinging Chain 1 | . 1 1 . . Shots Hit Robots 106 | 7 67 12 . 20 Core Hits 74 | 2 29 5 . 38 Critical Kills . | . . . . . Critical Parts Destroyed . | . . . . . Critical Strikes 1 | . . . . 1 Burn 1 | . . . . 1 Melee Attacks . | . . . . . Impact . | . . . . . Slashing . | . . . . . Piercing . | . . . . . Sneak Attacks . | . . . . . Combat Hostiles . | . . . . . Follow-up Attacks . | . . . . . Damage Inflicted 1836 | 57 589 170 . 1020 Guns 1027 | 57 589 170 . 211 Cannons . | . . . . . Explosions 809 | . . . . 809 Melee . | . . . . . Ramming . | . . . . . Kinetic 669 | 57 442 170 . . Thermal 358 | . 147 . . 211 Explosive 809 | . . . . 809 Electromagnetic . | . . . . . Impact . | . . . . . Slashing . | . . . . . Piercing . | . . . . . Highest Corruption . | . . . . . Average Corruption . | . . . . . Corruption Purged . | . . . . . Corruption Blocked . | . . . . . Overload Shots . | . . . . . Overflow Damage 48 | . . . . 48 Projectiles . | . . . . . Explosions 48 | . . . . 48 Melee . | . . . . . Knockbacks . | . . . . . Impact . | . . . . . Kinetic . | . . . . . Secondary . | . . . . . Self-Inflicted Damage 35 | . . . . 35 Shots 1 | . . . . 1 Rammed . | . . . . . Targets Rammed . | . . . . . Kicked . | . . . . . Crushed . | . . . . . Highest Temperature 117 | . 110 8 . 117 Average Temperature 41 | . 39 2 . 51 Received Heat Transfer 407 | . 210 117 . 80 Siege Activations . | . . . . . Robots Corrupted . | . . . . . Combat Hostiles . | . . . . . Parts Fried . | . . . . . Impact Corruptions . | . . . . . Robots Melted . | . . . . . Combat Hostiles . | . . . . . Parts Melted . | . . . . . Heat Transferred 1088 | . 385 . . 703 Parts Sabotaged . | . . . . . Parts Stolen . | . . . . . Parts Stripped . | . . . . . Power Chain Reactions . | . . . . . Missiles Intercepted . | . . . . . Alert | -11 -10 -10 -10 -9 ------- Run | Scr Mat Min Exi Min Peak Influence 132 | 5 132 50 . 67 Initial 3 | . 3 . . . Average 25 | 3 41 8 . 9 Maximum Alert Level . | . . . . . Low Security (%) 100 | 100 100 100 . 100 Level 1 . | . . . . . Level 2 . | . . . . . Level 3 . | . . . . . Level 4 . | . . . . . Level 5 . | . . . . . High Security . | . . . . . Max Security . | . . . . . Squads Dispatched . | . . . . . Investigation . | . . . . . Extermination . | . . . . . Reinforcement . | . . . . . Assault . | . . . . . Garrison . | . . . . . Intercept . | . . . . . Searches Triggered . | . . . . . Construction Impeded . | . . . . . Haulers Reinforced . | . . . . . Active Scanning Responses . | . . . . . Cargo Convoy Interrupts . | . . . . . Stealth | -11 -10 -10 -10 -9 --------- Run | Scr Mat Min Exi Min Distress Signals . | . . . . . Communications Jammed . | . . . . . Distress Signals . | . . . . . Times Spotted 36 | . 17 2 . 17 Peak Tracking Total 15 | . 3 2 . 15 Tactical Retreats . | . . . . . Traps | -11 -10 -10 -10 -9 ------- Run | Scr Mat Min Exi Min Traps Triggered 1 | . 1 . . . Indirectly . | . . . . . Trap Hack Attempts . | . . . . . Triggered . | . . . . . Disarmed . | . . . . . Reprogrammed . | . . . . . Reused . | . . . . . Traps Extracted . | . . . . . Installed . | . . . . . Triggered . | . . . . . Machines | -11 -10 -10 -10 -9 ---------- Run | Scr Mat Min Exi Min Machines Disabled 1 | . . . . 1 Max in Single Turn 1 | . . . . 1 Machines Sabotaged . | . . . . . Garrisons Compromised . | . . . . . Overloaded Fab Kills . | . . . . . Hacking | -11 -10 -10 -10 -9 --------- Run | Scr Mat Min Exi Min Machines Accessed 13 | . 8 1 4 . Terminals 6 | . 6 . . . Fabricators . | . . . . . Repair Stations 1 | . 1 . . . Recycling Units 1 | . 1 . . . Scanalyzers . | . . . . . Garrison Access . | . . . . . Total Hacks 71 | . 21 1 49 . Successful 67 | . 17 1 49 . Failed 4 | . 4 . . . Catastrophic . | . . . . . Database Lockouts . | . . . . . Manual 3 | . 1 . 2 . Terminals 11 | . 11 . . . Fabricators . | . . . . . Repair Stations 6 | . 6 . . . Recycling Units 4 | . 4 . . . Scanalyzers . | . . . . . Garrison Access . | . . . . . Terminal Hacks 59 | . 9 1 49 . Record 51 | . 2 . 49 . Prototype ID Bank 1 | . 1 . . . Open Door 1 | . . 1 . . Alert Level 1 | . 1 . . . Locate Traps 2 | . 2 . . . Dispatch Records 1 | . 1 . . . Recall Investigation 1 | . 1 . . . Zone Layout 1 | . 1 . . . Fabricator Hacks . | . . . . . Repair Station Hacks 4 | . 4 . . . Scan Component 3 | . 3 . . . Repair 1 | . 1 . . . Recycling Unit Hacks 4 | . 4 . . . Process 1 | . 1 . . . Report Inventory 3 | . 3 . . . Scanalyzer . | . . . . . Garrison Access Hacks . | . . . . . Unauthorized Hacks . | . . . . . Terminals . | . . . . . Fabricators . | . . . . . Repair Stations . | . . . . . Recycling Units . | . . . . . Scanalyzers . | . . . . . Garrison Access . | . . . . . Data Cores Recovered . | . . . . . Used . | . . . . . Hacking Detections 6 | . 6 . . . Full Trace Events . | . . . . . Feedback Events . | . . . . . Feedback Blocked . | . . . . . Robot Schematics Acquired . | . . . . . Robots Built . | . . . . . Authchips . | . . . . . Time . | . . . . . Total Robot Build Rating . | . . . . . Part Schematics Acquired . | . . . . . Parts Built . | . . . . . Authchips . | . . . . . Time . | . . . . . Total Part Build Rating . | . . . . . Parts Repaired 1 | . 1 . . . Time 26 | . 26 . . . Parts Recycled . | . . . . . Recycled Matter 247 | . 247 . . . Retrieved Matter . | . . . . . Retrieved Components . | . . . . . Parts Scanalyzed . | . . . . . Part Schematics Acquired . | . . . . . Parts Damaged . | . . . . . Bothacking | -11 -10 -10 -10 -9 ------------ Run | Scr Mat Min Exi Min Used RIF Installer . | . . . . . Robots Hacked . | . . . . . Non-combat . | . . . . . Combat . | . . . . . Robot Hacks Applied . | . . . . . Relay Couplers Released . | . . . . . Fabnet Peak Effective % . | . . . . . Robots Rewired . | . . . . . Allies Hacked . | . . . . . Hacks Repelled . | . . . . . Allies | -11 -10 -10 -10 -9 -------- Run | Scr Mat Min Exi Min Total Allies 2 | . . . . 2 Largest Group 2 | . . . . 2 Highest-Rated Group 47 | . . . . 47 Highest-Rated Ally 31 | . . . . 31 Total Orders . | . . . . . Ally Attacks 5 | . . . . 5 Total Damage 63 | . . . . 63 Kills 2 | . . . . 2 Allies Corrupted . | . . . . . Allies Melted . | . . . . . Intel | -11 -10 -10 -10 -9 ------- Run | Scr Mat Min Exi Min Robot Analysis Total . | . . . . . Derelict Logs Recovered 4 | . . 2 . 2 Drone Launches . | . . . . . Drone Recoveries . | . . . . . Exploration | -11 -10 -10 -10 -9 ------------- Run | Scr Mat Min Exi Min Turns Passed 4189 | 82 1672 1131 885 419 Spaces Moved 3504 | 43 1221 1013 886 341 Core 5 | 5 . . . . Treads 266 | . 266 . . . Legs 331 | 38 293 . . . Wheels 2902 | . 662 1013 886 341 Hover . | . . . . . Flight . | . . . . . Fastest Speed 50 | 50 80 100 100 100 Average Speed 103 | 111 110 100 100 100 Slowest Speed 160 | 120 160 115 100 115 Overloaded Moves . | . . . . . Propulsion Burnouts . | . . . . . Robots Hopped . | . . . . . Cave-ins Triggered . | . . . . . Exploration Rate (%) 69 | 3 99 99 92 55 Regions Visited 4 Branch Regions 3 Pre-discovered Areas 2 | . . 1 1 . Known Exits Taken . | . . . . . Unknown Exits Taken 4 | 1 1 1 1 . Scrap Searched 3 | . . 1 . 2 Spaces Dug . | . . . . . Terrain Destroyed 58 | . . . . 58 Melee . | . . . . . Projectile . | . . . . . AOE 58 | . . . . 58 Terrain Rammed . | . . . . . Walls Destroyed . | . . . . . Machines Disabled . | . . . . . Actions | -11 -10 -10 -10 -9 --------- Run | Scr Mat Min Exi Min Total 3891 | 65 1445 1114 885 382 Wait 114 | . 64 47 . 3 Move 3500 | 42 1220 1012 885 341 Hop . | . . . . . Pick Up 56 | 6 34 14 . 2 Fast Attach 21 | 6 11 4 . . Attach 8 | . 3 1 . 4 Detach 2 | . 1 1 . . Swap 28 | 2 17 7 . 2 Drop 54 | . 34 18 . 2 Fire 108 | 9 61 10 . 28 Melee . | . . . . . Ram . | . . . . . Kick . | . . . . . Crush . | . . . . . Escape Stasis . | . . . . . Rewire . | . . . . . Trap . | . . . . . Miscellaneous . | . . . . . Route ------- -11/Scrapyard -10/Materials (discovered 5 exits: [*Mat x3] / *Min x2) -10/Mines (discovered 3 exits: [*Mat x2] / *Exi) -10/Exiles (discovered 2 exits: [*Min x2]) -9/Mines History --------- Turn | Location | Event 12 | -11/Scrapyard | Discovered new exit (range 15) 83 | -11/Scrapyard | Entered Materials 298 | -10/Materials | Discovered new exit (range 10) 312 | -10/Materials | Build established: Mutant 773 | -10/Materials | Repaired Med. Storage Unit 1323 | -10/Materials | Discovered new exit (range 15) 1362 | -10/Materials | Discovered new exit (range 20) 1402 | -10/Materials | Discovered new exit (range 3) 1441 | -10/Materials | Build established: Scavenger-Mutant 1727 | -10/Materials | Discovered new exit (range 9) 1755 | -10/Materials | Entered Mines 1821 | -10/Mines | Found a damaged Exp. Sensor Array with a note attached 1823 | -10/Mines | Found Prototype Device 1888 | -10/Mines | Build established: Mutant 2022 | -10/Mines | Deemed a non-threat by the Exiles lab entrance 2023 | -10/Mines | Discovered new exit (range 5) 2119 | -10/Mines | Discovered new exit (range 8) 2185 | -10/Mines | Received a Rocket Launcher from a helpful Derelict 2246 | -10/Mines | Discovered new exit (range 13) 2570 | -10/Mines | Found the Drone Emporium 2573 | -10/Mines | Identified Exp. Sensor Array 2742 | -10/Mines | Found Prototype Device 2764 | -10/Mines | Identified Bomb Drone Bay 2886 | -10/Mines | Entered Exiles 2904 | -10/Exiles | Discovered new exit (range 14) 2935 | -10/Exiles | Met 8R-AWN 2953 | -10/Exiles | Met EX-HEX 3005 | -10/Exiles | Met EX-DEC 3040 | -10/Exiles | Visited The Gauntlet 3220 | -10/Exiles | Discovered new exit (range 14) 3276 | -10/Exiles | Learned location of Zion (-6) 3369 | -10/Exiles | Met EX-BIN 3771 | -10/Exiles | Entered Mines 3777 | -9/Mines | Learned 8 Materials zone layouts 3813 | -9/Mines | Learned Materials garrison access intel 3836 | -9/Mines | A weapon hastily lodged in a ceiling crevice suddenly fell to the ground 4140 | -9/Mines | Assembled infested the area 4163 | -9/Mines | Core integrity fell below 50% 4189 | -9/Mines | Core integrity fell below 20% 4190 | -9/Mines | Destroyed by D-53 Grenadier with Mini Grenade Launcher Last Messages --------------- 04165_ Destroyed Asb. Hover Unit. 04165_ as-65779 destroyed. 04165_ Destroyed Asb. F-torch. 04165_ as-73689 destroyed. 04165_ as-45448 destroyed. 04168_ Matter Pump disabled. 04168_ Destroyed Asb. Hover Unit. 04168_ as-62464 destroyed. 04168_ as-99502 destroyed. 04168_ Ion Engine destroyed. 04171_ as-76512 destroyed. 04171_ as-98756 destroyed. 04174_ as-74547 destroyed. [Achievement: Exterminator] 04177_ Rocket Launcher destroyed. 04177_ Com. Wheel destroyed. 04177_ as-52780 destroyed. 04183_ The unstable cave ceiling collapses. 04185_ Med. Laser destroyed. 04188_ The unstable cave ceiling collapses. Map ----- +----------------------------------------------------+ | ??????????????????????## ##?????## """ ##? | | ???????????????????????## #?????## #? | | ????????????????????????#### #?????# #? | | ???????????????????????##### #?????# ## #? | | ???????????????????????# #?????######## ##? | | ???????????????????????# ### #???????????# ##?? | | ???????????????????????# #?# #???????????# ##??? | | ??????????????????###### #?# #####???????## #???? | | ??????????????????# #?# ?????????# ##??? | | ??????????????????# ######? ??????????# #??? | | ??????????????????# #?????? ???????????# #??? | | ###???????????????# #?????? ????????????## #??? | | #??????????????## #?????? #?????????????####??? | | #?????????????## ###???? #???????????????????? | | #???????????### ##### #???????????????????? | | #?########### #???????????????????? | | ? %[ #???????????????????? | | ? $ [= #???????????????????? | | ??### ######### #???????????????????? | | ??????#???????####* # ## #???????????????????? | | ????????????????## %###### #???????????????????? | | ??????????????### * # #???????????????????? | | ??????????????# # ######## ???????????? | | ??????????????# d ????????? | | ??????????????# !d " ????????? | | ?????????????# @ ### ????????? | | ??????????????# #????? ????????? | | ????????????# ##????????????????? | | ????????????## ##?????????????????? | | ????????????# ###??????????????????? | | ????????????# # #####????????????????????? | | ????????????# ????????????????????????? | | ???????????? ????????????????????????? | | ???????????? # # #????????????????????????? | | ????????????# ## ##?????????????????????????? | | ?????????????## ?# ???????????????????????????? | | ??????????????## ??# ???????????????????????????? | | ???????????????# ???#????????????????????????????? | | ?????????????????????????????????????????????????? | | ?????????????????????????????????????????????????? | | ?????????????????????????????????????????????????? | | ?????????????????????????????????????????????????? | | ?????????????????????????????????????????????????? | | ?????????????????????????????????????????????????? | | ?????????????????????????????????????????????????? | | ?????????????????????????????????????????????????? | | ?????????????????????????????????????????????????? | | ?????????????????????????????????????????????????? | | ?????????????????????????????????????????????????? | | ?????????????????????????????????????????????????? | +----------------------------------------------------+ Best States ------------- Heat Dissipation 25 Energy Generation 10 Energy Capacity 250 Matter Stores 300 Matter Capacity 300 Sight Range 16 Robot Scan Range 20 Terrain Scan Range 14 Terrain Scan Density 10 Evasion (%) 55 Recoil Reduction 2 Item Schematics ----------------- None Robot Schematics ------------------ None Fabricated ------------ Nothing Alien Tech Used ----------------- None Achievements -------------- Exterminator Librarian Challenges ------------ None Game ------ Seed ReflectiveCloakStabilizer Manual? 0 Play Time 01:53:28 Cumulative 9.7 hours Start 2022.06.08 @ 19:10:20 End 2022.06.09 @ 19:00:26 Sessions 1 Manual Loads 0 Difficulty Rogue Special Mode None Game No. 4 Rogue 4 Adventurer 0 Explorer 0 Win Type - Total 0 Types 0/0/0/0/0/0/0/0/0 Lore% 13 Gallery% 5 Achievement% 6 Wizard Run 0 Options --------- ASCII 0 Keyboard 0 Movement Mouse Keybinds 0 Fullscreen 1 Font 18/X11 Map View 112x50 Tactical HUD 1 Map Filters NONE Filters NONE Steam 0 RUN: c12effdd-45c9-4c8d-bd08-ecf2362ec64a